 Dungeon Crawl Stone Soup version 0.19-a0-1815-g4007336 (webtiles) character file.

21 Amnesiac the Magician (level 2, -1/19 HPs)
             Began as a Mummy Wizard on Oct 5, 2016.
             Killed from afar by Sigmund (3 damage)
             ... with a magic dart
             ... on level 2 of the Dungeon.
             The game lasted 00:02:29 (1081 turns).

Amnesiac the Magician (Mummy Wizard)                Turns: 1081, Time: 00:02:29

Health: -1/19      AC:  2    Str: 10    XL:     2   Next: 65%
Magic:  2/6        EV: 12    Int: 17    God:
Gold:   26         SH:  0    Dex: 15    Spells: 2 memorised, 4 levels left

rFire  x . .     SeeInvis .     d - +0 spear
rCold  + . .     Gourm    .     a - +0 robe
rNeg   + + +     Faith    .     (no shield)
rPois  ∞         Spirit   .     b - +0 hat
rElec  .         Dismiss  .     (no cloak)
rCorr  .         Reflect  .     (no gloves)
MR     .....     Harm     .     (no boots)
Stlth  ++........               (no amulet)
                                (no ring)
                                f - +5 ring of dexterity

@: no status effects
A: no food or potions, fire vulnerability, cold resistance 1, negative energy
resistance 3, torment resistance, unbreathing
a: no special abilities


You were on level 2 of the Dungeon.
You were not hungry.

You visited 1 branch of the dungeon, and saw 3 of its levels.

You collected 26 gold pieces.

Inventory:

Hand Weapons
 d - a +0 spear (weapon)
Armour
 a - a +0 robe (worn)
 b - a +0 hat (worn)
Jewellery
 f - a +5 ring of dexterity (left hand)
Scrolls
 e - 2 scrolls of teleportation {unknown}
 g - a scroll of fog {unknown}
Books
 c - a book of Minor Magic

   Spells                             Type                      Level
   a - Magic Dart                     Conjuration                  1
   b - Blink                          Translocation                2
   c - Call Imp                       Summoning                    2
   d - Repel Missiles                 Charms/Air                   2
   e - Slow                           Hexes                        2
   f - Conjure Flame                  Conjuration/Fire             3
   g - Mephitic Cloud                 Conjuration/Poison/Air       3


   Skills:
 - Level 1.5 Dodging
 - Level 1.5 Stealth
 + Level 3.4 Spellcasting
 - Level 1.5 Conjurations
 - Level 0.7 Summonings
   Level 0.7 Translocations


You had 4 spell levels left.
You knew the following spells:

 Your Spells              Type           Power        Failure   Level  Hunger
d - Call Imp              Summ           #.......     21%         2    N/A
f - Magic Dart            Conj           #...         12%         1    N/A

Dungeon Overview and Level Annotations

Branches:
Dungeon (3/15)

Altars:

Annotations:
D:2 Sigmund


Innate Abilities, Weirdness & Mutations

You do not eat or drink.
Your flesh is vulnerable to fire.
You are immune to poison.
Your flesh is cold resistant. (rC+)
You are immune to negative energy. (rN+++)
You are immune to unholy pain and torment.
You can survive without breathing.


Message History

t - Shout!
Orders for allies: a - Attack new target. r - Retreat! s - Stop attacking. g - Guard the area. f - Follow me.
Anything else - Cancel.
Gang up on whom?
Press: ? - help, Dir - move target cursor, f - you
Okay, then.
What are your orders? t - Shout!
Orders for allies: a - Attack new target. r - Retreat! s - Stop attacking. g - Guard the area. f - Follow me.
Anything else - Cancel.
Retreat in which direction?
Press: ? - help, Dir - move target cursor Fall back!
A magic dart appears from out of thin air!
The magic dart hits you!
You die...

..........######.# # #
#.....÷.....##.# # .. .
#.....##.#.....# # . #.
#.###.##.####### # . #.####
#.##.. # ##+#
#######....####'##### .# #
##.# #....##÷......!....# .#
# ##.###....###...%..5..#.#
.# #
#....'....'.+...@..{..#.# .##
#
#(.###....###.........#5###..
###
#....'....'.'.........#.@.#@#
#<.
##.###....###.........###.#.#
### .#.# #....# #.........#
#...# .#.# ###### #.........#
###.# ...### #...####### .#
.....# ###......# .. .....#
#......# ###


You could see a friendly iron imp.

Vanquished Creatures
  2 leopard geckos
  A bat (D:3)
  A giant cockroach (D:3)
  2 goblins
  4 hobgoblins
  3 kobolds
  3 frilled lizards
  A rat (D:2)
17 creatures vanquished.

Notes
Turn   | Place    | Note
-------+----------+-------------------------------------------
     0 | D:1      | Amnesiac the Mummy Wizard began the quest for the Orb.
     0 | D:1      | Reached XP level 1. HP: 13/13 MP: 4/4
    59 | D:1      | Reached skill level 1 in Conjurations
   398 | D:1      | Reached XP level 2. HP: 15/19 MP: 0/6
   415 | D:1      | Learned a level 2 spell: Call Imp
   910 | D:3      | Noticed a howler monkey
  1052 | D:2      | Noticed Sigmund
  1081 | D:2      | Killed from afar by Sigmund

Vault maps used:
D:1:      dpeg_arrival_rhombi
D:2:      uniq_sigmund
D:3:      gammafunk_temple_overflow_wave, gup_sewer_entry_spiral,
          grunt_ministairs_15, eino_tiny_chamber

Skill      XL: |  1 |
---------------+----+-----
Conjurations   | 1 |  1.5
Dodging        | |  1.5
Stealth        | |  1.5
Spellcasting   | |  3.4
Summonings     | |  0.7
Translocations | |  0.7

Action                   || total
-------------------------++-------
Melee: Spear             ||    13
 Cast: Magic Dart        ||    47
       Call Imp          ||     3
Armor: Robe              ||     4
Dodge: Dodged            ||    16
